 Dungeon Crawl Stone Soup version 0.31-a0-460-g9e667d4245 (webtiles) character file.

Game seed: 8882225291691048740

8558 Xavori the Carver (level 11, -3/61 HPs)
             Began as a Vine Stalker Chaos Knight on Aug 4, 2023.
             Was a Plaything of Xom.
             Slain by an orc warlord
             ... wielding a +4 broad axe
              (22 damage)
             ... in a bailey.
             The game lasted 00:10:38 (12403 turns).

Xavori the Carver (Vine Stalker Chaos Knight)      Turns: 12403, Time: 00:10:38

Health: -3/61      AC:  7    Str: 15    XL:     11   Next: 32%
Magic:  0/23       EV: 20    Int: 16    God:    Xom [....*.]
Gold:   479        SH:  0    Dex: 18    Spells: 24/25 levels left

rFire   + . .        q - +5 long sword
rCold   + . .        (no shield)
rNeg    . . .        b - +3 leather armour
rPois   .            (no helmet)
rElec   +            (no cloak)
rCorr   .            g - +0 pair of gloves
SInv    .            (no boots)
Will    +....        s - amulet "Bawu" {Faith +Inv rElec Dex+4}
Stlth   ++++         o - +5 ring of evasion
HPRegen 1.10/turn    u - ring of protection from fire
MPRegen 0.18/turn

%: guardian spirit, faith
@: cleaving
A: fangs 3, regeneration 1, magic shield, antimagic bite, no potion heal 2,
claws 1, hooves 1, clever 1, clumsy 1, cold resistance 1, robust 1, sturdy frame
1
a: Renounce Religion, Evoke Invisibility


You were in a bailey.
You worshipped Xom.
You were a beloved toy of Xom.
You visited 1 branch of the dungeon, and saw 9 of its levels.
You also visited: Ossuary and Bailey.

You collected 479 gold pieces.

Inventory:

Hand Weapons
 a - a +0 falchion of chaos
 j - a +1 great sword of freezing
 q - a +5 long sword (weapon)
Armour
 b - a +3 leather armour (worn)
 g - a +0 pair of gloves (worn)
Jewellery
 e - a ring of ice
 k - an amulet of the acrobat
 m - an amulet of regeneration
 o - a +5 ring of evasion (left hand)
 s - the amulet "Bawu" (around neck) {Faith +Inv rElec Dex+4}
   (You found it on level 8 of the Dungeon)

   [amulet of faith]

   It allows you to gain divine favour quickly.
   Dex:       It affects your dexterity (+4).
   rElec:     It insulates you from electricity.
   +Inv:      It lets you turn invisible.
 u - a ring of protection from fire (right hand)
 D - a ring of resist corrosion
Wands
 B - a wand of digging (7)
 E - a wand of charming (6)
Scrolls
 c - a scroll of butterflies
 d - 2 scrolls of fear
 h - 4 scrolls of vulnerability
 i - 5 scrolls of teleportation
 l - 2 scrolls of enchant weapon
 p - a scroll of poison
 x - a scroll of immolation
 y - a scroll of enchant armour
 A - a scroll of brand weapon
Potions
 f - 8 potions of degeneration
 n - 4 potions of brilliance
 r - 4 potions of might {unknown}
 t - a potion of lignification
 v - 2 potions of haste {unknown}
 w - a potion of mutation
 z - 2 potions of invisibility
 F - a potion of cancellation {unknown}
 G - a potion of resistance {unknown}


   Skills:
 + Level 6.1 Fighting
 + Level 10.1 Long Blades
 + Level 2.7 Armour
 + Level 5.8 Dodging
 + Level 6.6 Stealth
 + Level 1.8 Shields
 * Level 7.7 Spellcasting
 * Level 1.4 Evocations


You had 24 spell levels left.
You knew the following spells:

 Your Spells              Type           Power      Damage    Failure   Level
a - Slow                  Hex            24%        N/A       12%         1

Your spell library contained the following spells:

 Spells                   Type           Power      Damage    Failure   Level
 Tukima's Dance           Hex            6%         N/A       34%         3
 Vhi's Electric Charge    Tloc/Air       12%        N/A       34%         3
 Volatile Blastmotes      Fire/Tloc      12%        2d11      34%         3
 Anguish                  Hex/Necr       3%         N/A       75%         4
 Passage of Golubria      Tloc           6%         N/A       75%         4
 Sticky Flame             Conj/Fire      6%         2d3       75%         4
 Arcjolt                  Conj/Air       3%         1d13      97%         5
 Summon Mana Viper        Hex/Summ       6%         N/A       97%         5
 Yara's Violent Unravell  Hex/Tmut       3%         3d4       97%         5
 Plasma Beam              Fire/Air       3%         2x1d13    100%        6


Dungeon Overview and Level Annotations

Branches:
Dungeon (9/15)             Temple (0/1) D:5             Orc (0/2) D:9
Ossuary (visited)          Bailey (1/1)
   Lair: D:8-11

Altars:
Fedhas
Gozag
Nemelex Xobeh
Trog
Xom

Shops:
D:2 =

Annotations:
D:6 4 transporters, jasper's ghost, novice SpHu


Innate Abilities, Weirdness & Mutations

You have razor-sharp teeth.
Your natural rate of healing is unusually fast.
When hurt, damage is shared between your health and your magic reserves.
Your bite disrupts and absorbs the magic of your enemies.
Potions cannot restore your health.
You have sharp fingernails.
You have large cloven feet.
Your mind is acute. (Int +4, Str/Dex -1)
You are clumsy. (Dex -2)
Your flesh is cold resistant. (rC+)
You are robust. (+10% HP)
Your movements are slightly less encumbered by armour. (ER -2)


Message History

You bite the orc warlord, but do no damage.
The orc warlord is heavily wounded. "Forecast: mostly cloudy."
Aiming: Corrosive Bolt
Press: ? - help, Shift-Dir - straight line, f/p - orc warlord
Aim: an orc warlord, wielding a +4 broad axe and wearing a +0 chain mail (grey smoke, heavily wounded, covered in acid, 79% to hit)
The bolt of acid misses the orc warlord.
The bolt of acid misses the orc warrior.
The orc warlord is no longer covered in acid.
The orc warlord completely misses you.
Unknown command.
Aiming: Corrosive Bolt
Press: ? - help, Shift-Dir - straight line, f/p - orc warlord
Aim: an orc warlord, wielding a +4 broad axe and wearing a +0 chain mail (grey smoke, heavily wounded, 79% to hit)
The bolt of acid hits the orc warlord!
The acid corrodes the orc warlord!
The orc warlord is severely wounded.
The bolt of acid misses the orc warrior.
The now-empty wand crumbles to dust.
The orc warrior no longer looks unusually strong.
The orc warlord roars a battlecry!
The orc warrior goes into a battle-frenzy!
Unknown command.
You hit the orc warlord.
You kick the orc warlord, but do no damage.
You bite the orc warlord, but do no damage.
The orc warlord is severely wounded.
The orc warlord misses you.
You slash the orc warlord! You kick the orc warlord. You bite the orc warlord.
You drain its power.
You feel invigorated.
The orc warlord is almost dead.
Xom grants you a minor favour.
Your +5 long sword looks sharp.
The orc warlord hits you with a +4 broad axe!
* * * LOW HITPOINT WARNING * * *
You hit the orc warlord. Your kick misses the orc warlord.
Your bite misses the orc warlord.
The orc warlord is almost dead.
The orc warlord hits you with a +4 broad axe!!
You die...
Xom chuckles heartily!

##.......## #.........#
##.........##
#######.....⌠.....#######
##.....##)........##)....##
#.......))........')).....#
##.......##.§§..§.##)).....##
#....)....#.§§§§§.#.))......#
##.........##88@88##.........##
#.....⌠.....###o###.....⌠.....#
##.........###.o.###.........##
#.........#.......#.........#
##.......##...)...##.......##
#..[)...#.........#.......#
##).)..##.........##.....##
##'####...........####'##
##.....##.........##.....##


You could see an orc warlord (corroded) and an orc warrior (strong).

Vanquished Creatures
  A moth of wrath (shapeshifter) (Bailey)
  An unseen horror (D:6)
  A troll (shapeshifter) (D:6)
  Grinder (D:3)
  Sigmund (D:6)
  A shadow (D:9)
  A shapeshifter (D:6)
  A wraith (D:9)
  5 yaks (D:8)
  A wyvern (D:8)
  3 steam dragons
  3 water moccasins
  9 orc warriors
  2 black bears (D:6)
  A hornet zombie (Ossuary)
  3 centaurs
  2 phantoms
  3 kobold brigands
  3 wyvern zombies (Ossuary)
  4 bullfrogs
  5 scorpions
  A gnoll sergeant (D:8)
  A water moccasin zombie (Ossuary)
  6 wights
  2 troll zombies (D:9)
  3 centaur zombies (Ossuary)
  4 bullfrog zombies (Ossuary)
  2 jellies
  5 orc priests
  A hound (D:6)
  7 iguanas
  13 mummies (Ossuary)
  3 sleepcaps
  5 orc wizards
  5 killer bee zombies (Ossuary)
  4 ogre zombies (D:9)
  A howler monkey zombie (Ossuary)
  11 gnolls
  5 adders
  A white imp (D:7)
  3 ufetubi
  2 worms (D:2)
  A dart slug (D:1)
  33 orcs
  2 endoplasms (D:1)
  7 giant cockroaches
  18 goblins
  11 hobgoblins
  16 kobolds
  6 quokkas
  7 ball pythons
  4 bats
  3 frilled lizards
  A goblin zombie (D:9)
  2 orc skeletons (D:9)
  13 orc zombies (D:9)
  7 rats
268 creatures vanquished.

Vanquished Creatures (collateral kills)
  An orc knight (Bailey)
  A shadow (D:9)
  3 orc warriors
  2 ogre zombies (D:9)
  A gnoll (Bailey)
  6 orcs
  5 goblins
  2 hobgoblins (Bailey)
  A ball python (D:4)
  A hobgoblin zombie (D:9)
  2 orc skeletons (D:9)
  6 orc zombies (D:9)
31 creatures vanquished.

Vanquished Creatures (others)
  2 orcs
2 creatures vanquished.

Grand Total: 301 creatures vanquished

Notes
Turn   | Place    | Note
-------+----------+-------------------------------------------
     0 | D:1      | Xavori the Vine Stalker Chaos Knight began the quest for
                  | the Orb.
     0 | D:1      | Reached XP level 1. HP: 11/11 MP: 2/2
    18 | D:1      | XOM: silly message
   113 | D:1      | Reached skill level 3 in Long Blades
   155 | D:1      | Reached XP level 2. HP: 16/16 MP: 3/3
   203 | D:1      | XOM: confusion
   449 | D:1      | Reached XP level 3. HP: 13/19 MP: 2/4
   686 | D:1      | XOM: noise
  1620 | D:1      | XOM: give mutations
  1620 | D:1      | Gained mutation: You are partially covered in large bone
                  | plates. (SH +4) [Xom's mischief]
  1620 | D:1      | Gained mutation: You have a pair of small antennae on your
                  | head. [Xom's mischief]
  1620 | D:1      | Gained mutation: You expend magic power (3 MP) to
                  | strengthen your wands. [Xom's mischief]
  1651 | D:1      | XOM: noise
  2117 | D:1      | XOM: divination: magic mapping
  2328 | D:1      | XOM: noise
  3630 | D:1      | XOM: silly message
  3849 | D:1      | XOM: 9-stop teleportation journey
  4167 | D:1      | XOM is BORED!
  4440 | D:1      | XOM: give mutations
  4440 | D:1      | Gained mutation: You have large cloven feet. [Xom's grace]
  4440 | D:1      | Gained mutation: You are covered in fur. (AC +1) [Xom's
                  | grace]
  4440 | D:1      | Gained mutation: Your flesh is heat resistant. (rF+) [Xom's
                  | grace]
  5186 | D:1      | XOM: noise
  5450 | D:1      | XOM: god gift: 56 gold pieces
  5559 | D:1      | XOM: god gift: 34 gold pieces
  5768 | D:1      | XOM: draining
  5773 | D:1      | XOM: god gift: Noodou Gyba's Handbook of the Burn and
                  | Malediction {god gift}
  5776 | D:1      | Got Noodou Gyba's Handbook of the Burn and Malediction {god
                  | gift}
  6281 | D:1      | XOM: divination: detect creatures
  6409 | D:1      | XOM: give mutations
  6409 | D:1      | Gained mutation: Your flesh is cold resistant. (rC+) [Xom's
                  | grace]
  6409 | D:1      | Gained mutation: Your mind is acute. (Int +4, Str/Dex -1)
                  | [Xom's grace]
  6409 | D:1      | Gained mutation: You are robust. (+10% HP) [Xom's grace]
  6427 | D:2      | Reached skill level 1 in Dodging
  6529 | D:2      | Reached skill level 1 in Stealth
  6541 | D:2      | Identified the +1 robe of Tiecread {rCorr Int-3 Dex+2
                  | Stlth+}
  6579 | D:2      | Found Haukkavu's Jewellery Boutique.
  6656 | D:2      | XOM: noise
  6722 | D:2      | Gained mutation: Your natural rate of healing is unusually
                  | fast. [Vine Stalker growth]
  6722 | D:2      | Reached XP level 4. HP: 25/25 MP: 6/6
  6879 | D:3      | Reached skill level 1 in Spellcasting
  6934 | D:3      | Noticed Grinder
  6950 | D:3      | Killed Grinder
  6951 | D:3      | Reached skill level 4 in Long Blades
  6951 | D:3      | Reached skill level 1 in Shields
  6951 | D:3      | Reached XP level 5. HP: 30/30 MP: 6/9
  6951 | D:3      | Reached XP level 6. HP: 35/35 MP: 6/10
  7298 | D:3      | XOM: polymorph endoplasm -> adder
  7484 | D:3      | XOM: scenery: create altars
  7659 | D:4      | XOM: cast spell 'Monstrous Menagerie'
  7666 | D:4      | Reached XP level 7. HP: 39/39 MP: 10/12
  7816 | D:4      | XOM: 1-stop teleportation journey
  7831 | D:4      | XOM: divination: detect items
  7958 | D:5      | Entered Level 5 of the Dungeon
  8169 | D:5      | Reached skill level 5 in Long Blades
  8541 | D:5      | XOM: give mutations
  8541 | D:5      | Gained mutation: You heal very quickly. [Xom's grace]
  8541 | D:5      | Gained mutation: Your movements are slightly less
                  | encumbered by armour. (ER -2) [Xom's grace]
  8708 | D:5      | Found a staircase to the Ecumenical Temple.
  8775 | D:6      | Noticed Maggie
  8783 | D:6      | XOM: destruction
  8789 | D:6      | Maggie changed into Maggie the shapeshifter
  8789 | D:6      | Noticed Maggie (shapeshifter)
  8789 | D:6      | XOM: polymorph Maggie -> Maggie the shapeshifter
  8789 | D:6      | Maggie the shapeshifter changed into Maggie the tarantella
  8789 | D:6      | Noticed Maggie (shapeshifter)
  8795 | D:6      | Maggie the tarantella changed into Maggie the troll
  8795 | D:6      | Noticed Maggie (shapeshifter)
  8797 | D:6      | Lost mutation: Your mind is acute. (Int +4, Str/Dex -1)
                  | [potion of mutation]
  8797 | D:6      | Lost mutation: You are partially covered in large bone
                  | plates. (SH +4) [potion of mutation]
  8797 | D:6      | Lost mutation: Your flesh is heat resistant. (rF+) [potion
                  | of mutation]
  8797 | D:6      | Gained mutation: You are clumsy. (Dex -2) [potion of
                  | mutation]
  8797 | D:6      | Gained mutation: Your mind is acute. (Int +4, Str/Dex -1)
                  | [potion of mutation]
  8799 | D:6      | a jelly changed into a shapeshifter
  8799 | D:6      | Noticed a shapeshifter (shapeshifter)
  8799 | D:6      | Killed a shapeshifter
  8800 | D:6      | Gained mutation: You have razor-sharp teeth. [Vine Stalker
                  | growth]
  8800 | D:6      | Reached XP level 8. HP: 44/44 MP: 14/14
  8803 | D:6      | XOM: scenery: summon butterflies
  8813 | D:6      | Killed Maggie the troll
  8836 | D:6      | XOM: scenery: create altars
  8853 | D:6      | XOM: cast spell 'Metabolic Englaciation'
  8888 | D:6      | XOM: god gift: 25 gold pieces
  8937 | D:6      | Reached skill level 6 in Long Blades
  8981 | D:6      | Found a blossoming altar of Fedhas.
  8981 | D:6      | Found an opulent altar of Gozag.
  9019 | D:6      | Found a transporter.
  9026 | D:6      | XOM: scenery: 1 doors open
  9045 | D:6      | Found a transporter.
  9046 | D:6      | Noticed jasper's ghost (novice SpHu)
  9060 | D:6      | Noticed a queen bee
  9130 | D:6      | Reached XP level 9. HP: 49/49 MP: 15/17
  9146 | D:6      | Found a transporter.
  9201 | D:6      | Reached skill level 5 in Spellcasting
  9240 | D:6      | XOM: swap monsters
  9285 | D:6      | Killed an unseen horror
  9291 | D:6      | Reached skill level 5 in Stealth
  9456 | D:6      | Noticed Sigmund
  9462 | D:6      | Killed Sigmund
  9463 | D:6      | Reached skill level 7 in Long Blades
  9539 | D:6      | XOM: give mutation
  9539 | D:6      | Lost mutation: You are covered in fur. (AC +1) [Xom's
                  | mischief]
  9769 | D:6      | Found a transporter.
  9822 | D:6      | Found a bloodstained altar of Trog.
 10046 | D:7      | Learned a level 1 spell: Slow
 10149 | D:7      | XOM: scenery: create altars
 10249 | D:7      | XOM: divination: detect creatures
 10259 | D:7      | Reached XP level 10. HP: 56/56 MP: 20/20
 10460 | D:7      | XOM: enchant monster (good)
 10465 | D:7      | Reached skill level 8 in Long Blades
 10710 | D:8      | XOM: summons 4 friendly demons
 10726 | D:8      | Identified the amulet "Bawu" {Faith +Inv rElec Dex+4}
 10826 | D:8      | XOM: give mutation
 10826 | D:8      | Lost mutation: You heal very quickly. [Xom's mischief]
 10925 | D:8      | Found a sand-covered staircase.
 10938 | D:8      | Reached skill level 5 in Fighting
 10940 | D:8      | XOM: fake destruction
 10948 | D:8      | XOM: swap monsters
 10950 | D:8      | Reached skill level 5 in Dodging
 10953 | D:8      | XOM: swap monsters
 10966 | Ossuary  | Entered an ossuary
 11108 | Ossuary  | XOM: blink monster(s)
 11146 | Ossuary  | Reached skill level 9 in Long Blades
 11241 | Ossuary  | XOM: give mutation
 11241 | Ossuary  | Lost mutation: You expend magic power (3 MP) to strengthen
                  | your wands. [Xom's mischief]
 11512 | D:8      | XOM: 2-stop teleportation journey
 11729 | D:8      | Found a sparkling altar of Nemelex Xobeh.
 11773 | D:8      | XOM: give mutations
 11773 | D:8      | Gained mutation: You have a somewhat thin skeletal
                  | structure. (Dex +2, Stealth+) [Xom's mischief]
 11773 | D:8      | Lost mutation: You have a pair of small antennae on your
                  | head. [Xom's mischief]
 11773 | D:8      | Gained mutation: You have sharp fingernails. [Xom's
                  | mischief]
 11773 | D:8      | Lost mutation: You have a somewhat thin skeletal structure.
                  | (Dex +2, Stealth+) [Xom's mischief]
 11877 | D:9      | XOM: enchant monster (good)
 11884 | D:9      | Found a staircase to the Orcish Mines.
 11916 | D:9      | XOM: summons 6 hostile demons
 11917 | D:9      | XOM: scenery: summon butterflies
 11928 | D:9      | XOM: smoke on damage
 11933 | D:9      | XOM: enchant monster (good)
 11946 | D:9      | XOM: polymorph iron imp -> cerulean imp
 12042 | D:9      | XOM: butterfly on damage
 12043 | D:9      | XOM: summons friendly sixfirhy
 12046 | D:9      | Reached XP level 11. HP: 26/61 MP: 9/22
 12109 | D:9      | Found a flagged portal.
 12143 | Bailey   | Entered a bailey
 12163 | Bailey   | XOM: divination: detect creatures
 12198 | Bailey   | XOM: cast spell 'Dispersal'
 12201 | Bailey   | a goblin changed into a glowing shapeshifter
 12201 | Bailey   | Noticed a glowing shapeshifter (glowing shapeshifter)
 12201 | Bailey   | XOM: polymorph goblin -> glowing shapeshifter
 12202 | Bailey   | a glowing shapeshifter changed into a wolf spider
 12202 | Bailey   | Noticed a wolf spider (glowing shapeshifter)
 12204 | Bailey   | a wolf spider changed into a snapping turtle
 12208 | Bailey   | a snapping turtle changed into a moth of wrath
 12208 | Bailey   | Noticed a moth of wrath (glowing shapeshifter)
 12212 | Bailey   | Killed a moth of wrath
 12230 | Bailey   | XOM: scenery: 1 fountains blood, 1 doors open
 12241 | Bailey   | Reached skill level 10 in Long Blades
 12241 | Bailey   | Reached skill level 1 in Evocations
 12282 | Bailey   | Noticed an orc knight
 12283 | Bailey   | XOM: polymorph hobgoblin -> orc
 12294 | Bailey   | Killed an orc knight
 12370 | Bailey   | Noticed an orc warlord
 12371 | Bailey   | XOM: fog
 12398 | Bailey   | XOM: fog
 12402 | Bailey   | XOM: cleaving
 12403 | Bailey   | Slain by an orc warlord

Illustrated notes

Levels and vault maps discovered:
D:1:      dpeg_arrival_refuge, layout_basic, serial_rivers,
          chequers_serial_rivers_marsh, chequers_serial_rivers_micro_b,
          chequers_serial_rivers_small_3, chequers_serial_rivers_small_3,
          chequers_serial_rivers_micro_c, chequers_serial_rivers_micro_c,
          minmay_tripent
D:2:      layout_rooms, serial_shops, nicolae_shop_statue_plus
D:3:      layout_loops_ring, chequers_decorated_corner,
          hangedman_abyss_or_decor_lesser_grid, kennysheep_crisscross,
          corexii_item_surrounded_by_moat, uniq_grinder
D:4:      layout_rooms
D:5:      layout_loops_corners, temple_hall
D:6:      gammafunk_steamed_eel, layout_basic, trog_butcher_becter,
          gammafunk_temple_overflow_elements, gammafunk_ghost_hive,
          uniq_sigmund, uniq_maggie
D:7:      layout_loops_ring
D:8:      layout_loops_ring, old_standard_altar, enter_ossuary_3
D:9:      layout_basic, zombieorc2_lemuel, enter_bailey_5, minivault_10
Bailey:   bailey_axe_minmay_hex_keep, bailey

Skill      XL: |  1  2  3  4  5  6  7  8  9 10 11 |
---------------+----------------------------------+-----
Long Blades    | 3 4 5 6 7 9 10 | 10.1
Dodging        | 1 2 3 4 5 |  5.8
Stealth        | 1 2 3 4 5 6 |  6.6
Spellcasting   | 2 3 4 6 7 |  7.7
Fighting       | 3 4 5 6 |  6.1
Armour         | 2 |  2.7
Shields        | 1 |  1.8
Evocations     | 1 |  1.4

Action                     |  1- 3 |  4- 6 |  7- 9 | 10-12 || total
---------------------------+-------+-------+-------+-------++-------
  Melee: Falchion          |   102 |    81 |   228 |       ||   411
         Bite              |    14 |     8 |    85 |   121 ||   228
         Kick              |    10 |    22 |    89 |   146 ||   267
         Punch             |     1 |     2 |     7 |     3 ||    13
         Great sword       |       |       |    50 |       ||    50
         Long sword        |       |       |    18 |   410 ||   428
  Evoke: Wand              |       |       |       |     5 ||     5
    Use: Scroll            |       |     1 |     6 |     5 ||    12
         Potion            |       |       |     3 |       ||     3
   Stab: Paralysed         |     2 |       |       |     2 ||     4
         Sleeping          |     1 |     5 |     6 |     4 ||    16
         Confused          |       |     1 |       |     1 ||     2
         Distracted        |       |       |       |     2 ||     2
 Armour: Leather armour    |    33 |    17 |    56 |    63 ||   169
  Dodge: Dodged            |    59 |    72 |   291 |   397 ||   819
  Block: Other             |    10 |    14 |    23 |       ||    47

Table legend: (Time is in decaauts)
 A = Elapsed time spent in this place.
 B = Non-inter-level travel time spent in this place.
 C = Inter-level travel time spent in this place.
 D = Time resting spent in this place.
 E = Time spent auto-exploring this place.
 F = Levels seen in this place.
 G = Mean time per level.
                   A        B        C        D        E       F      G
               +--------+--------+--------+--------+--------+-----+--------+
         Total |  12488 |  12264 |    224 |   5559 |   4678 |  11 | 1135.3 |
       Dungeon |  11788 |  11564 |    224 |   5559 |   4353 |   9 | 1309.8 |
       Ossuary |    447 |    447 |      0 |      0 |    192 |   1 |  447.0 |
        Bailey |    252 |    252 |      0 |      0 |    133 |   1 |  252.0 |
               +--------+--------+--------+--------+--------+-----+--------+

Top non-repeatable levels by time:
     D:1: 6435 daAuts
     D:6: 1252 daAuts
     D:5: 794 daAuts
     D:8: 794 daAuts
     D:7: 717 daAuts
     D:3: 662 daAuts
     D:2: 465 daAuts
 Ossuary: 447 daAuts
     D:4: 435 daAuts
  Bailey: 252 daAuts
     D:9: 231 daAuts
